 Dungeon Crawl Stone Soup version 0.19.5 (webtiles) character file.

10122 JeffiDaFish the Blocker (level 11, 0/68 HPs)
             Began as a Gargoyle Fighter on Mar 28, 2017.
             Was the Champion of Okawaru.
             Killed by divine providence
             ... invoked by an orc priest
              (15 damage)
             ... on level 10 of the Dungeon.
             The game lasted 00:19:03 (9716 turns).

JeffiDaFish the Blocker (Gargoyle Fighter)          Turns: 9716, Time: 00:19:03

Health: 0/68       AC: 27    Str: 21    XL:     11   Next: 57%
Magic:  11/11      EV:  8    Int:  8    God:    Okawaru [******]
Gold:   502        SH: 12    Dex: 15    Spells: 0 memorised, 10 levels left

rFire  + . .     SeeInvis .     q - +2 whip (flame)
rCold  . . .     Gourm    +     w - +4 chain mail {rF+}
rNeg   + . .     Faith    .     c - +0 shield
rPois  ∞         Spirit   .     p - +0 helmet
rElec  +         Reflect  .     e - +0 cloak
rCorr  .         Harm     .     y - +0 pair of gloves
MR     +....                    o - +0 pair of boots
Stlth  ..........               r - amulet of the gourmand
                                b - +3 ring of dexterity
                                g - ring of protection from magic

@: no status effects
A: negative energy resistance 1, electricity resistance, unbreathing,
petrification resistance, rot immunity, AC +7
a: Heroism, Finesse, Renounce Religion


You were on level 10 of the Dungeon.
You worshipped Okawaru.
Okawaru was exalted by your worship.
You were completely stuffed.

You visited 1 branch of the dungeon, and saw 10 of its levels.

You collected 502 gold pieces.

Inventory:

Hand Weapons
 a - a +1 flail
 q - a +2 whip of flaming (weapon)
Armour
 c - a +0 shield (worn)
 e - a +0 cloak (worn)
 o - a +0 pair of boots (worn)
 p - a +0 helmet (worn)
 w - a +4 chain mail of fire resistance (worn)
 y - a +0 pair of gloves (worn)
Jewellery
 b - a +3 ring of dexterity (right hand)
 g - a ring of protection from magic (left hand)
 r - an amulet of the gourmand (around neck)
Wands
 l - a wand of hasting (3/9)
Scrolls
 m - 5 scrolls of identify
 n - 3 scrolls of teleportation
 x - a scroll of fog
Potions
 j - 5 potions of curing
 A - a potion of brilliance
Books
 d - a book of Maledictions

   Spells                             Type                      Level
   a - Corona                         Hexes                        1
   b - Ensorcelled Hibernation        Hexes/Ice                    2
   c - Confuse                        Hexes                        3
   d - Tukima's Dance                 Hexes                        3
   e - Dazzling Spray                 Conjuration/Hexes            3
Comestibles
 f - 7 bread rations
 h - 23 fruits
 i - 6 meat rations
 t - 5 chunks of flesh
 u - a royal jelly
 z - 7 slices of pizza


   Skills:
 + Level 7.8 Fighting
 + Level 11.1 Maces & Flails
 + Level 8.3 Armour
 + Level 2.4 Dodging
 + Level 1.4 Stealth
 + Level 11.1 Shields


You had 10 spell levels left.
You didn't know any spells.

Dungeon Overview and Level Annotations

Branches:
Dungeon (10/15)            Temple (0/1) D:4             Orc (0/2) D:9
   Lair: D:8-11

Altars:
Ashenzari
Cheibriados
Dithmenos
Elyvilon
Fedhas
Gozag
Kikubaaqudgha
Okawaru
Qazlal
Ru
Trog
Uskayaw
Zin

Annotations:
D:2 exclusion: oklob plant


Innate Abilities, Weirdness & Mutations

You are resistant to torment.
Your stone body is resilient. (AC +7)
You are immune to poison.
You resist negative energy. (rN+)
You are resistant to electric shocks. (rElec)
You can survive without breathing.
You are immune to petrification.
You are immune to rotting.


Message History

The stone hits you.
You hit the gargoyle but do no damage. You hit the gargoyle but do no damage.
The orc priest invokes the aid of Beogh against you.
Beogh smites you!
* * * LOW HITPOINT WARNING * * *
The orc warrior throws a stone.
You block the stone.
The gargoyle hits you but does no damage.
You are too injured to fight recklessly!
You are too injured to fight recklessly!
You are too injured to fight recklessly!
The orc warrior throws a stone.
You block the stone.
You see here a stone.
The orc priest looks braver for a moment.
The orc warrior throws a stone.
You block the stone. The gargoyle closely misses you.
You see here a stone.
The orc priest mumbles some strange prayers to Beogh against you.
Beogh smites you!
You die...

#.##......#
#.##.#
..........#
#..#.#
..........#
##.#.# #
.......####
#...#
..#+######
##..# ....#####
#..#
..#....o#######
#..#
.W'o..o((..9.=#
#..#
..#....(#####@#
####..# #.....#
#.# #....>#
#.....# #.#
#.....# #...?.#
#.# #.....#
#.....# #.#
#.....# #.....#
#.# #.....#
#.....# #.#
#.....#
###########.#
##....#
#..........#
####.#


You could see an orc warrior, a gargoyle and an orc priest.

Vanquished Creatures
  A hydra (D:9)
  The ghost of Saba the Markscentaur, a novice CeHu of Okawaru (D:9)
  A hill giant (D:10)
  Pikel (D:4)
  2 slime creatures (D:10)
  The ghost of dialectric the Protected, a novice GrFi of Trog (D:8)
  2 dream sheep (D:9)
  A hippogriff (D:7)
  5 yaks
  A wraith (D:8)
  2 wyverns
  Eustachio (D:6)
  A hungry ghost (D:10)
  Menkaure (D:7)
  Duvessa (D:7)
  An orc warrior (D:7)
  4 necrophages (D:8)
  2 ice beasts
  5 ogres
  2 phantoms
  An eye of draining (D:9)
  5 centaurs
  An elf zombie (D:8)
  3 bullfrogs
  3 big kobolds (D:9)
  Dowan (D:7)
  3 scorpions
  11 killer bees
  5 wights (D:8)
  A howler monkey (D:6)
  4 electric eels (D:8)
  3 crimson imps
  A jelly (D:8)
  A quasit (D:7)
  3 centaur zombies
  3 orc priests (D:8)
  3 hounds
  3 human zombies (D:8)
  A centaur skeleton (D:7)
  14 orc wizards
  3 iguanas
  Terence (D:3)
  4 worker ants
  A killer bee zombie (D:10)
  An ogre zombie (D:8)
  A hound skeleton (D:10)
  2 hound zombies
  2 mummies (D:8)
  A worker ant zombie (D:8)
  13 adders
  4 shadow imps
  An ooze (D:5)
  2 adder skeletons
  3 worms
  A dart slug (D:3)
  4 leopard geckos
  33 orcs
  4 giant cockroaches
  12 goblins
  10 hobgoblins
  9 jackals
  10 kobolds
  6 quokkas
  2 ball pythons (D:2)
  12 bats
  4 frilled lizards
  2 leopard gecko skeletons
  A quokka skeleton (D:7)
  7 rats
262 creatures vanquished.

Vanquished Creatures (others)
  A howler monkey (D:4)
  An adder (D:4)
  2 orcs (D:8)
  A giant cockroach (D:4)
5 creatures vanquished.

Grand Total: 267 creatures vanquished

Notes
Turn   | Place    | Note
-------+----------+-------------------------------------------
     0 | D:1      | JeffiDaFish the Gargoyle Fighter began the quest for the Orb.
     0 | D:1      | Reached XP level 1. HP: 14/14 MP: 1/1
   189 | D:1      | Reached XP level 2. HP: 19/19 MP: 2/2
   550 | D:1      | Reached XP level 3. HP: 21/23 MP: 3/3
   895 | D:2      | Found a blossoming altar of Fedhas.
   924 | D:2      | Noticed an oklob plant
  1264 | D:2      | Reached XP level 4. HP: 25/28 MP: 4/4
  1270 | D:2      | Found an iron altar of Okawaru.
  1278 | D:2      | Became a worshipper of Warmaster Okawaru
  1700 | D:3      | Found a shadowy altar of Dithmenos.
  2271 | D:3      | Found a bloodstained altar of Trog.
  2350 | D:3      | Noticed Terence
  2356 | D:3      | Killed Terence
  2356 | D:3      | Reached skill level 1 in Dodging
  2356 | D:3      | Reached XP level 5. HP: 33/33 MP: 5/5
  2366 | D:3      | Found a sacrificial altar of Ru.
  2418 | D:3      | Found a white marble altar of Elyvilon.
  2601 | D:4      | Found a stormy altar of Qazlal.
  2699 | D:4      | Noticed Pikel
  2699 | D:4      | Noticed a slave
  2700 | D:4      | Noticed a slave
  2701 | D:4      | Noticed a slave
  2703 | D:4      | Noticed a slave
  2713 | D:4      | Killed Pikel
  2713 | D:4      | Reached * piety under Okawaru
  2713 | D:4      | Reached ** piety under Okawaru
  2713 | D:4      | Reached *** piety under Okawaru
  2713 | D:4      | Reached skill level 5 in Maces & Flails
  2713 | D:4      | Reached skill level 5 in Shields
  2713 | D:4      | Reached XP level 6. HP: 15/38 MP: 6/6
  2713 | D:4      | Reached XP level 7. HP: 17/43 MP: 7/7
  2928 | D:4      | Found an opulent altar of Gozag.
  2940 | D:4      | Found a bloodstained altar of Trog.
  3027 | D:4      | Noticed a dagger
  3031 | D:4      | Noticed a hand axe
  3031 | D:4      | Found a hide-covered altar of Uskayaw.
  3354 | D:4      | Found a staircase to the Ecumenical Temple.
  3397 | D:5      | Entered Level 5 of the Dungeon
  3839 | D:5      | Reached XP level 8. HP: 48/48 MP: 8/8
  3941 | D:5      | Reached skill level 5 in Armour
  4521 | D:6      | Identified a scroll of acquirement
  4819 | D:6      | Reached **** piety under Okawaru
  5031 | D:6      | Noticed Eustachio
  5054 | D:6      | Killed Eustachio
  5054 | D:6      | Reached XP level 9. HP: 53/53 MP: 9/9
  5154 | D:6      | Reached skill level 5 in Fighting
  5337 | D:7      | Reached skill level 1 in Stealth
  5395 | D:7      | Noticed Dowan
  5396 | D:7      | Noticed Duvessa
  5466 | D:7      | Killed Duvessa
  5466 | D:7      | Reached ***** piety under Okawaru
  5497 | D:7      | Killed Dowan
  5680 | D:7      | Found a glowing silver altar of Zin.
  6060 | D:7      | Noticed Menkaure
  6072 | D:7      | Killed Menkaure
  6289 | D:8      | Noticed dialectric's ghost (novice GrFi)
  6315 | D:8      | Killed dialectric's ghost
  6315 | D:8      | Reached XP level 10. HP: 52/60 MP: 10/10
  6319 | D:8      | Received a gift from Okawaru
  7007 | D:8      | Reached skill level 10 in Shields
  7045 | D:8      | Found an ancient bone altar of Kikubaaqudgha.
  8057 | D:8      | Found a snail-covered altar of Cheibriados.
  8263 | D:9      | Found a shattered altar of Ashenzari.
  8419 | D:9      | Reached skill level 10 in Maces & Flails
  8517 | D:9      | Noticed a two-headed hydra
  8535 | D:9      | Killed a two-headed hydra
  8535 | D:9      | Reached XP level 11. HP: 60/67 MP: 11/11
  8631 | D:9      | Found a staircase to the Orcish Mines.
  9078 | D:9      | Noticed Saba's ghost (novice CeHu)
  9091 | D:9      | Killed Saba's ghost
  9116 | D:10     | Entered Level 10 of the Dungeon
  9429 | D:10     | Noticed a hill giant
  9451 | D:10     | Killed a hill giant
  9619 | D:10     | Reached ****** piety under Okawaru
  9716 | D:10     | Killed from afar by an orc priest

Skill      XL: |  1  2  3  4  5  6  7  8  9 10 11 |
---------------+----------------------------------+-----
Shields        | 4 5 6 7 9 10 11 | 11.1
Maces & Flails | 3 5 7 9 10 11 | 11.1
Dodging        | 1 2 |  2.4
Armour         | 4 5 6 7 8 |  8.3
Fighting       | 4 6 7 |  7.8
Stealth        | 1 |  1.4

Action                   |  1- 3 |  4- 6 |  7- 9 | 10-12 || total
-------------------------+-------+-------+-------+-------++-------
Melee: Flail             |   163 |   120 |       |       ||   283
       Whip              |       |       |   562 |   783 ||  1345
  Use: Potion            |     3 |     4 |     4 |     2 ||    13
       Scroll            |     4 |     4 |     3 |     7 ||    18
  Eat: Chunk             |     2 |     4 |    26 |    14 ||    46
Armor: Scale mail        |   122 |    95 |     5 |       ||   222
       Plate armour      |       |       |   234 |   242 ||   476
Dodge: Dodged            |    66 |    45 |    79 |    95 ||   285
Block: Shield            |   115 |    64 |   246 |   245 ||   670
